 Dungeon Crawl Stone Soup version 0.25.1-2-g60ff931df9 (webtiles) character file.

Game seed: 5629972925397605709

412 miket3c the Covert (level 6, -1/30 HPs)
             Began as a Spriggan Assassin on Oct 1, 2020.
             Was an Initiate of Dithmenos.
             Killed from afar by Sigmund (8 damage)
             ... with a puff of flame
             ... on level 5 of the Dungeon.
             The game lasted 00:35:16 (6464 turns).

miket3c the Covert (Spriggan Assassin)              Turns: 6464, Time: 00:35:17

Health: -1/30      AC:  4    Str:  7    XL:     6   Next: 59%
Magic:  7/7        EV: 18    Int: 13    God:    Dithmenos [......]
Gold:   325        SH:  0    Dex: 19    Spells: 5/5 levels left

rFire    . . .     SeeInvis +   a - +2 dagger
rCold    . . .     Gourm    .   (shield restricted)
rNeg     . . .     Faith    .   b - +0 robe
rPois    .         Spirit   .   (helmet restricted)
rElec    .         Reflect  .   c - +1 cloak
rCorr    .         Harm     .   (gloves unavailable)
MR       +....                  (boots unavailable)
Stlth    ++++......             (no amulet)
HPRegen  0.10/turn              (no ring)
MPRegen  0.10/turn              (no ring)

@: very quick
A: very small, unfitting armour, see invisible, herbivore, speed 3, slow
metabolism 2
a: Renounce Religion


You were on level 5 of the Dungeon.
You worshipped Dithmenos.
Dithmenos was noncommittal.
You were hungry.

You visited 1 branch of the dungeon, and saw 5 of its levels.

You collected 325 gold pieces.

Inventory:

Hand Weapons
 a - a +2 dagger (weapon)
Missiles
 d - 13 poisoned darts (quivered)
 e - 14 arrows
 h - 137 stones
 u - 3 boomerangs
Armour
 b - a +0 robe (worn)
 c - a +1 cloak (worn)
Jewellery
 n - an uncursed ring of flight
 r - an uncursed amulet of reflection
 t - an uncursed ring of protection from fire {unknown}
 y - an uncursed ring of protection from fire {unknown}
Scrolls
 g - 2 scrolls of noise
 i - a scroll of fear {unknown}
 j - 2 scrolls of identify
 k - 2 scrolls of teleportation
 s - a scroll of enchant armour
 w - a scroll of fog
 C - a scroll of remove curse
Potions
 l - a potion of resistance
 m - a potion of haste
 o - 3 potions of berserk rage {unknown}
 p - a potion of stabbing {unknown}
 q - a potion of degeneration {unknown}
 v - a potion of might
 x - a potion of cancellation {unknown}
 z - a potion of brilliance {unknown}
 A - a potion of magic {unknown}
 B - a potion of curing {unknown}
Comestibles
 f - 10 rations


   Skills:
 + Level 2.0 Fighting
 * Level 4.1 Short Blades
 + Level 4.0 Throwing
 + Level 2.4 Dodging
 * Level 9.1 Stealth


You had 5 spell levels left.
You didn't know any spells.
Your spell library was empty.

Dungeon Overview and Level Annotations

Branches:
Dungeon (5/15)             Temple (0/1) D:4

Altars:
Dithmenos
Fedhas
Hepliaklqana
Qazlal
Ru
Xom
Yredelemnul

Shops:
D:5 [

Annotations:
D:5 Sigmund


Innate Abilities, Weirdness & Mutations

You are very small and have problems with some larger weapons.
You are too small for most types of armour.
You have supernaturally acute eyesight. (SInv)
You are a herbivore.
You cover ground extremely quickly.
You need to consume almost no food.


Message History

You see here a +0 flail.
There is a stone staircase leading down here.
You climb downwards.
Level annotation: Sigmund
There is a stone staircase leading up here.
Throwing (i - inventory. (/) - cycle)
d - 15 poisoned darts (quivered)
Press: ? - help, Shift-Dir - straight line, f - Sigmund
Aim: Sigmund, wielding a +1 scythe of protection and wearing a +0 robe (wandering, hasn't noticed you)
You throw a poisoned dart. The poisoned dart hits Sigmund.
Sigmund is poisoned.
Sigmund shouts!
Sigmund casts a spell at you. The puff of flame hits you!
* * * LOW HITPOINT WARNING * * *
Throwing (i - inventory. (/) - cycle)
d - 14 poisoned darts (quivered)
Press: ? - help, Shift-Dir - straight line, f/p - Sigmund
Aim: Sigmund, wielding a +1 scythe of protection and wearing a +0 robe (poisoned)
You throw a poisoned dart. The poisoned dart hits Sigmund.
Sigmund casts a spell at you. The puff of flame hits you!
You die...

########.#.# #.#....#####
#........#.# #.###.((..#
#........#.# #.# #.(...#
#.......##.###.# #.(...(.
####'#####........((..... ###
#.....#..##.##(....... ..
#.....)..##..(........ # #.
#...#....##...(.......
#..#.###..(.@(..(((..c#+###..
#.........@.#..###.##.# ##
##...#######........#.#.#
#####..............#.#.# ###
#.#######.####.#.#.# #.. ..#
##.#.#.# #.# ########..#.#.#
#.# .........c.(#.# #.#
.........##†#.###.#


You could see Sigmund (poisoned).

Vanquished Creatures
  An ogre (D:5)
  A hound (D:4)
  A bullfrog skeleton (D:4)
  An orc wizard (D:3)
  3 iguanas
  2 worker ants
  2 adders
  An adder skeleton (D:5)
  6 worms
  A dart slug (D:1)
  5 leopard geckos
  7 orcs
  A ball python (D:4)
  4 giant cockroaches
  9 goblins
  5 hobgoblins
  6 jackals
  6 kobolds
  A quokka (D:3)
  4 bats
  4 frilled lizards
  4 rats
75 creatures vanquished.

Notes
Turn   | Place    | Note
-------+----------+-------------------------------------------
     0 | D:1      | miket3c the Spriggan Assassin began the quest for the Orb.
     0 | D:1      | Reached XP level 1. HP: 10/10 MP: 2/2
   151 | D:1      | Reached skill level 6 in Stealth
   311 | D:1      | Reached XP level 2. HP: 14/14 MP: 3/3
  1400 | D:2      | Found a sacrificial altar of Ru.
  1400 | D:2      | Found a basalt altar of Yredelemnul.
  1402 | D:2      | Found a shimmering altar of Xom.
  1577 | D:2      | Reached skill level 7 in Stealth
  1632 | D:2      | Reached XP level 3. HP: 18/18 MP: 4/4
  2847 | D:3      | Reached XP level 4. HP: 23/23 MP: 5/5
  3101 | D:3      | Found a hazy altar of Hepliaklqana.
  3935 | D:3      | Found a shadowy altar of Dithmenos.
  3939 | D:3      | Became a worshipper of Dithmenos the Shadowed
  4442 | D:4      | Reached XP level 5. HP: 26/26 MP: 6/6
  4540 | D:4      | Found a stormy altar of Qazlal.
  4543 | D:4      | Found a staircase to the Ecumenical Temple.
  4702 | D:4      | Reached skill level 8 in Stealth
  4749 | D:4      | Found a blossoming altar of Fedhas.
  5064 | D:4      | Reached XP level 6. HP: 30/30 MP: 7/7
  5273 | D:5      | Entered Level 5 of the Dungeon
  5356 | D:5      | Noticed Sigmund
  6367 | D:5      | Reached skill level 9 in Stealth
  6412 | D:5      | Found Edwarem's Armour Shoppe.
  6464 | D:5      | Killed from afar by Sigmund

Illustrated notes

Levels and vault maps discovered:
D:1:      dpeg_arrival_shrine, layout_basic
D:2:      layout_loops_ring, gammafunk_temple_overflow_claw, st_stairs_10
D:3:      layout_loops_corners, lemuel_round_altar, marbit_many_paths
D:4:      minmay_chambers_of_threes, layout_loops_ring,
          nicolae_qazlal_eye_of_the_storm, minmay_temple_entry_mist,
          first_ration, fedhas_altar_2
D:5:      minmay_inner_zag, layout_basic, serial_shops, shop, uniq_sigmund

Skill      XL: |  1  2  3  4  5  6 |
---------------+-------------------+-----
Stealth        | 6 7 8 9 |  9.1
Throwing       | 3 4 |  4.0
Short Blades   | 3 4 |  4.1
Dodging        | 2 |  2.4
Fighting       | 2 |  2.0

Action                   |  1- 3 |  4- 6 || total
-------------------------+-------+-------++-------
Melee: Dagger            |    51 |   191 ||   242
Throw: Dart              |    93 |    71 ||   164
       Boomerang         |       |     6 ||     6
  Use: Scroll            |     9 |       ||     9
       Potion            |     3 |       ||     3
 Stab: Sleeping          |       |    10 ||    10
  Eat: Ration            |       |     1 ||     1
Armor: Robe              |     8 |    26 ||    34
Dodge: Dodged            |    32 |   127 ||   159
